IL
SACRAMENTO RIVER CATS @ OKLAHOMA CITY DODGERS
08/11/2049
 
TOP OF THE 1ST
Sacramento River Cats batting - Pitching for Oklahoma City Dodgers : RHP Trey Price
Pitching: RHP Trey Price
Batting: SHB Carlos Rodriguez 0-0: Ball
1-0: Called Strike
1-1: Ball
2-1: Ball
3-1: Base on Balls
Batting: RHB Sterling Acosta 0-0: Ball
1-0: Fielders Choice at 2nd, 4-6 (Groundball, 4MD, EV 96.2 MPH)
Batting: SHB Francisco Gutierrez 0-0: Ball
1-0: Called Strike
1-1: Ball
2-1: Called Strike
2-2: Ball
Sterling Acosta steals 2nd base (no throw)
3-2: Fly out, F4 (Line Drive, 4MD, EV 73.1 MPH)
Batting: RHB Brian Rogers 0-0: Called Strike
0-1: Foul Ball, location: 2F
0-2: Ball
1-2: Ball
2-2: Fly out, F7 (Flyball, 7LS, EV 85.0 MPH)
Top of the 1st over - 0 runs, 0 hits, 0 errors, 1 left on base; Sacramento 0 - Oklahoma City 0
BOTTOM OF THE 1ST
Oklahoma City Dodgers batting - Pitching for Sacramento River Cats : LHP Mike del Rio
Pitching: LHP Mike del Rio
Batting: RHB Jose Ramirez 0-0: Swinging Strike
0-1: Fly out, F9 (Line Drive, 9S, EV 87.5 MPH)
Batting: RHB Theo Schepers 0-0: Called Strike
0-1: Ball
1-1: Foul Ball, location: 2F
1-2: Strikes out looking
Batting: RHB Tommy Hunter 0-0: Called Strike
0-1: Ball
1-1: Ball
2-1: Ball
3-1: Swinging Strike
3-2: Strikes out swinging
Bottom of the 1st over - 0 runs, 0 hits, 0 errors, 0 left on base; Sacramento 0 - Oklahoma City 0
TOP OF THE 2ND
Sacramento River Cats batting - Pitching for Oklahoma City Dodgers : RHP Trey Price
Batting: LHB Pauli Gassinger 0-0: SINGLE (Groundball, 34D, EV 94.4 MPH)
Batting: RHB Justin Bonner 0-0: Ball
1-0: SINGLE (Groundball, 34D, EV 96.2 MPH)
Pauli Gassinger to second
Runner from 2nd tries for 3rd, OUT! 9-5
Justin Bonner to second
Batting: LHB Dillon Gonzalez 0-0: Called Strike
0-1: Foul Ball, location: 2F
0-2: Ball
1-2: Fly out, F9 (Flyball, 89M, EV 80.0 MPH)
Batting: RHB Tyler Mapes 0-0: Called Strike
0-1: Ball
1-1: Ball
2-1: Ground out 5-3 (Groundball, 56S, EV 70.6 MPH)
Top of the 2nd over - 0 runs, 2 hits, 0 errors, 1 left on base; Sacramento 0 - Oklahoma City 0
BOTTOM OF THE 2ND
Oklahoma City Dodgers batting - Pitching for Sacramento River Cats : LHP Mike del Rio
Batting: RHB Carlos Gonzalez 0-0: Ball
1-0: Foul Ball, location: 2F
1-1: Ground out 6-3 (Groundball, 6M, EV 106.2 MPH)
Batting: RHB Jason Baldwin 0-0: Called Strike
0-1: Ball
1-1: Ball
2-1: SINGLE (Flyball, 8LS, EV 94.4 MPH)
Batting: LHB Ryan Murdock 0-0: Called Strike
0-1: Fly out, F7 (Flyball, 78D, EV 77.5 MPH)
Batting: LHB Darrell Ortega 0-0: Ground out 4-3 (Groundball, 4, EV 88.1 MPH)
Bottom of the 2nd over - 0 runs, 1 hit, 0 errors, 1 left on base; Sacramento 0 - Oklahoma City 0
TOP OF THE 3RD
Sacramento River Cats batting - Pitching for Oklahoma City Dodgers : RHP Trey Price
Batting: RHB Carlos Talavera 0-0: Called Strike
0-1: Ground out 6-3 (Groundball, 56, EV 90.0 MPH)
Batting: SHB Carlos Rodriguez 0-0: Ground out 4-3 (Groundball, 4, EV 84.4 MPH)
Batting: RHB Sterling Acosta 0-0: Ball
1-0: Called Strike
1-1: DOUBLE (Flyball, 89XD, EV 92.5 MPH)
Batting: SHB Francisco Gutierrez 0-0: Called Strike
0-1: Foul Ball, location: 2F
0-2: 2-RUN HOME RUN (Flyball, 89XD, EV 100.6 MPH), Distance : 380 ft
Batting: RHB Brian Rogers 0-0: Called Strike
0-1: Ball
1-1: Ball
2-1: Ball
3-1: Ground out 1-3 (Groundball, P, EV 71.9 MPH)
Top of the 3rd over - 2 runs, 2 hits, 0 errors, 0 left on base; Sacramento 2 - Oklahoma City 0
BOTTOM OF THE 3RD
Oklahoma City Dodgers batting - Pitching for Sacramento River Cats : LHP Mike del Rio
Batting: LHB Doug Frampton 0-0: Called Strike
0-1: SINGLE (Line Drive, 78M, EV 95.6 MPH)
Batting: RHB Rick Pittman 0-0: Called Strike
0-1: Foul Ball, location: 2F
0-2: Ball
1-2: Foul Ball, location: 2F
1-2: Ball
2-2: SINGLE (Groundball, 56D, EV 108.1 MPH)
Doug Frampton to second
Batting: RHB Jose Ramirez 0-0: Called Strike
0-1: Ball
1-1: Ball
2-1: Foul Ball, location: 2F
2-2: Ball
3-2: Base on Balls
Doug Frampton to third
Rick Pittman to second
Batting: RHB Theo Schepers 0-0: Foul Ball, location: 2F
0-1: Ball
1-1: Ball
2-1: Ball
3-1: Called Strike
3-2: Strikes out looking
Batting: RHB Tommy Hunter 0-0: Ball
1-0: Fly out, F3 (Popup, 34S, EV 83.8 MPH)
Batting: RHB Carlos Gonzalez 0-0: Ball
1-0: Foul Ball, location: 2F
1-1: Ball
2-1: Foul Ball, location: 2F
2-2: GRAND SLAM HOME RUN (Flyball, 89XD, EV 98.8 MPH), Distance : 395 ft
Batting: RHB Jason Baldwin 0-0: Swinging Strike
0-1: Ball
1-1: Ball
2-1: Ball
3-1: Base on Balls
Batting: LHB Ryan Murdock 0-0: Fielders Choice at 2nd, 5-4 (Groundball, 56D, EV 100.6 MPH)
Bottom of the 3rd over - 4 runs, 3 hits, 0 errors, 1 left on base; Sacramento 2 - Oklahoma City 4
TOP OF THE 4TH
Sacramento River Cats batting - Pitching for Oklahoma City Dodgers : RHP Trey Price
Batting: LHB Pauli Gassinger 0-0: Swinging Strike
0-1: Called Strike
0-2: Foul Ball, location: 2F
0-2: Ball
1-2: Ball
2-2: Foul Ball, location: 2F
2-2: Foul Ball, location: 2F
2-2: Strikes out swinging
Batting: RHB Justin Bonner 0-0: Ball
1-0: Ground out 6-3 (Groundball, 6, EV 85.6 MPH)
Batting: LHB Dillon Gonzalez 0-0: Ball
1-0: Fly out, F6 (Popup, 56, EV 78.1 MPH)
Top of the 4th over - 0 runs, 0 hits, 0 errors, 0 left on base; Sacramento 2 - Oklahoma City 4
BOTTOM OF THE 4TH
Oklahoma City Dodgers batting - Pitching for Sacramento River Cats : LHP Mike del Rio
Batting: LHB Darrell Ortega 0-0: Fly out, F8 (Flyball, 8RXD, EV 106.2 MPH)
Batting: LHB Doug Frampton 0-0: Swinging Strike
0-1: Ball
1-1: Called Strike
1-2: Strikes out swinging
Batting: RHB Rick Pittman 0-0: Ground out 1-3 (Groundball, 13S, EV 68.1 MPH)
Bottom of the 4th over - 0 runs, 0 hits, 0 errors, 0 left on base; Sacramento 2 - Oklahoma City 4
TOP OF THE 5TH
Sacramento River Cats batting - Pitching for Oklahoma City Dodgers : RHP Trey Price
Batting: RHB Tyler Mapes 0-0: Ball
1-0: Swinging Strike
1-1: Ground out 4-3 (Groundball, 4, EV 91.2 MPH)
Batting: RHB Carlos Talavera 0-0: Called Strike
0-1: Swinging Strike
0-2: Strikes out swinging
Batting: SHB Carlos Rodriguez 0-0: Called Strike
0-1: Ball
1-1: Swinging Strike
1-2: Ball
2-2: Foul Ball, location: 2F
2-2: SINGLE (Groundball, 56D, EV 100.6 MPH)
Batting: RHB Sterling Acosta 0-0: Ball
1-0: Called Strike
Carlos Rodriguez steals 2nd base
1-1: DOUBLE (Line Drive, 89D, EV 101.9 MPH)
Carlos Rodriguez scores
Batting: SHB Francisco Gutierrez 0-0: SINGLE (Line Drive, 56, EV 96.9 MPH)
Sterling Acosta to third
Runner from 3rd tries for Home, SAFE, throw by LF to home
Batting: RHB Brian Rogers 0-0: Foul Ball, location: 2F
0-1: DOUBLE (Line Drive, 3D, EV 104.4 MPH)
Francisco Gutierrez to third
Batting: LHB Pauli Gassinger 0-0: Ball
1-0: Swinging Strike
1-1: Foul Ball, location: 2F
1-2: DOUBLE (Line Drive, 89XD, EV 104.4 MPH)
Francisco Gutierrez scores
Brian Rogers scores
Pitching: LHP Ryan Fulford
Batting: RHB Justin Bonner 0-0: Ball
1-0: Ground out 6-3 (Groundball, 56, EV 110.0 MPH)
Top of the 5th over - 4 runs, 5 hits, 0 errors, 1 left on base; Sacramento 6 - Oklahoma City 4
BOTTOM OF THE 5TH
Oklahoma City Dodgers batting - Pitching for Sacramento River Cats : LHP Mike del Rio
Batting: RHB Jose Ramirez 0-0: Foul Ball, location: 2F
0-1: Foul Ball, location: 2F
0-2: Strikes out swinging
Batting: RHB Theo Schepers 0-0: Called Strike
0-1: Ball
1-1: Foul Ball, location: 2F
1-2: Foul Ball, location: 2F
1-2: Ball
2-2: Strikes out swinging
Batting: RHB Tommy Hunter 0-0: Called Strike
0-1: Foul Ball, location: 2F
0-2: Strikes out swinging
Bottom of the 5th over - 0 runs, 0 hits, 0 errors, 0 left on base; Sacramento 6 - Oklahoma City 4
TOP OF THE 6TH
Sacramento River Cats batting - Pitching for Oklahoma City Dodgers : LHP Ryan Fulford
Batting: LHB Dillon Gonzalez 0-0: Foul Ball, location: 2F
0-1: Foul Ball, location: 2F
0-2: Ground out 3-1 (Groundball, 34S, EV 66.2 MPH)
Batting: RHB Tyler Mapes 0-0: Ground out 4-3 (Groundball, 4, EV 84.4 MPH)
Batting: RHB Carlos Talavera 0-0: Called Strike
0-1: Ball
1-1: Swinging Strike
1-2: Ball
2-2: Strikes out swinging
Top of the 6th over - 0 runs, 0 hits, 0 errors, 0 left on base; Sacramento 6 - Oklahoma City 4
BOTTOM OF THE 6TH
Oklahoma City Dodgers batting - Pitching for Sacramento River Cats : LHP Mike del Rio
Batting: RHB Carlos Gonzalez 0-0: Ball
1-0: Called Strike
1-1: DOUBLE (Flyball, 78D, EV 107.5 MPH)
Batting: RHB Jason Baldwin 0-0: Fly out, F4 (Popup, 23, EV 85.0 MPH)
Pinch Hitting: RHB Alex Cid 0-0: Ball
1-0: Swinging Strike
1-1: Ball
2-1: Ball
3-1: Base on Balls
Batting: LHB Darrell Ortega 0-0: Foul Ball, location: 2F
0-1: Ball
1-1: Swinging Strike
1-2: Foul Ball, location: 2F
1-2: Fly out, F7 (Flyball, 7, EV 92.5 MPH)
Batting: LHB Doug Frampton 0-0: Foul Ball, location: 2F
0-1: Ball
1-1: Ground out U3 (Groundball, 3, EV 89.4 MPH)
Bottom of the 6th over - 0 runs, 1 hit, 0 errors, 2 left on base; Sacramento 6 - Oklahoma City 4
TOP OF THE 7TH
Sacramento River Cats batting - Pitching for Oklahoma City Dodgers : LHP Ryan Fulford
Now in LF: Doug Frampton
Now in RF: Stephen Van Raalte
Batting: SHB Carlos Rodriguez 0-0: Called Strike
0-1: Ground out 6-3 (Groundball, 6, EV 80.6 MPH)
Batting: RHB Sterling Acosta 0-0: Called Strike
0-1: Called Strike
0-2: Ball
1-2: Strikes out swinging
Batting: SHB Francisco Gutierrez 0-0: Ball
1-0: Foul Ball, location: 2F
1-1: Swinging Strike
1-2: Ball
2-2: Ball
3-2: Strikes out swinging
Top of the 7th over - 0 runs, 0 hits, 0 errors, 0 left on base; Sacramento 6 - Oklahoma City 4
BOTTOM OF THE 7TH
Oklahoma City Dodgers batting - Pitching for Sacramento River Cats : LHP Mike del Rio
Now at 1B: Jose Rivera
Batting: RHB Rick Pittman 0-0: Called Strike
0-1: Foul Ball, location: 2F
0-2: Ground out 3-1 (Groundball, 34, EV 105.6 MPH)
Batting: RHB Jose Ramirez 0-0: SOLO HOME RUN (Flyball, 7D, EV 94.4 MPH), Distance : 366 ft
Pitching: RHP Sam Drews
Batting: RHB Theo Schepers 0-0: Ball
1-0: Ball
2-0: Ground out 6-3 (Groundball, 56S, EV 86.2 MPH)
Batting: RHB Tommy Hunter 0-0: Foul Ball, location: 2F
0-1: Swinging Strike
0-2: Foul Ball, location: 2F
0-2: Ball
1-2: Strikes out swinging
Bottom of the 7th over - 1 run, 1 hit, 0 errors, 0 left on base; Sacramento 6 - Oklahoma City 5
TOP OF THE 8TH
Sacramento River Cats batting - Pitching for Oklahoma City Dodgers : LHP Ryan Fulford
Pitching: RHP Miguel Martinez
Batting: RHB Brian Rogers 0-0: Ball
1-0: Called Strike
1-1: SINGLE (Groundball, 6MS, EV 67.5 MPH) (infield hit)
Batting: LHB Pauli Gassinger 0-0: Ball
1-0: Ball
2-0: SINGLE (Groundball, 34D, EV 102.5 MPH)
Brian Rogers to second
Throwing error, E9
Brian Rogers scores
Pauli Gassinger to second
Batting: RHB Justin Bonner 0-0: Called Strike
0-1: Ball
1-1: Ground out 4-3 (Groundball, 4, EV 86.2 MPH)
Pauli Gassinger to third
Batting: LHB Dillon Gonzalez 0-0: Intentional Walk
Batting: RHB Tyler Mapes 0-0: Called Strike
0-1: Ball
1-1: 3-RUN HOME RUN (Flyball, 9D, EV 97.5 MPH), Distance : 367 ft
Pitching: RHP Aaron Schneider
Batting: RHB Carlos Talavera 0-0: Foul Ball, location: 2F
0-1: Swinging Strike
0-2: Ground out 6-3 (Groundball, 6S, EV 80.0 MPH)
Batting: SHB Carlos Rodriguez 0-0: Fly out, F8 (Flyball, 8LD, EV 96.2 MPH)
Top of the 8th over - 4 runs, 3 hits, 1 error, 0 left on base; Sacramento 10 - Oklahoma City 5
BOTTOM OF THE 8TH
Oklahoma City Dodgers batting - Pitching for Sacramento River Cats : RHP Sam Drews
Batting: RHB Carlos Gonzalez 0-0: Ground out 6-3 (Groundball, 6, EV 94.4 MPH)
Batting: RHB Jason Baldwin 0-0: Called Strike
0-1: Fly out, F9 (Flyball, 9LS, EV 92.5 MPH)
Batting: LHB Stephen Van Raalte 0-0: Ball
1-0: SOLO HOME RUN (Flyball, 9LD, EV 98.1 MPH), Distance : 387 ft
Batting: LHB Darrell Ortega 0-0: Called Strike
0-1: SINGLE (Groundball, 56D, EV 103.8 MPH)
Batting: LHB Doug Frampton 0-0: 2-RUN HOME RUN (Flyball, 9LD, EV 90.6 MPH), Distance : 334 ft
Pitching: RHP Jonathan Simi
Now at 2B: Steve Jones
Now in RF: Franklin Quezada
Batting: RHB Rick Pittman 0-0: Ground out 3-1 (Groundball, 34S, EV 84.4 MPH)
Bottom of the 8th over - 3 runs, 3 hits, 0 errors, 0 left on base; Sacramento 10 - Oklahoma City 8
TOP OF THE 9TH
Sacramento River Cats batting - Pitching for Oklahoma City Dodgers : RHP Aaron Schneider
Batting: RHB Sterling Acosta 0-0: Ball
1-0: Ball
2-0: Ball
3-0: Called Strike
3-1: Ground out 6-3 (Groundball, 6, EV 85.0 MPH)
Batting: RHB Jose Rivera 0-0: Called Strike
0-1: Ball
1-1: Ball
2-1: Foul Ball, location: 2F
2-2: Ball
3-2: Strikes out swinging
Batting: RHB Brian Rogers 0-0: Called Strike
0-1: Ball
1-1: Foul Ball, location: 2F
1-2: Ball
2-2: Ball
3-2: DOUBLE (Groundball, 5L, EV 104.4 MPH)
Batting: LHB Pauli Gassinger 0-0: Ball
1-0: Swinging Strike
1-1: Ball
2-1: Called Strike
2-2: SINGLE (Groundball, 6S, EV 66.9 MPH) (infield hit)
Brian Rogers to third
Batting: LHB Franklin Quezada 0-0: Ball
1-0: Ball
2-0: Ball
3-0: Base on Balls
Pauli Gassinger to second
Pitching: RHP André Gaillard
Batting: RHB Steve Jones 0-0: Ball
1-0: Ball
2-0: Swinging Strike
2-1: Foul Ball, location: 2F
2-2: Fielders Choice at 2nd, 5-4 (Groundball, 56, EV 90.6 MPH)
Top of the 9th over - 0 runs, 2 hits, 0 errors, 3 left on base; Sacramento 10 - Oklahoma City 8
BOTTOM OF THE 9TH
Oklahoma City Dodgers batting - Pitching for Sacramento River Cats : RHP Jonathan Simi
Pitching: RHP Harry Dickson
Batting: RHB Jose Ramirez 0-0: Ball
1-0: Ball
2-0: Fly out, F4 (Line Drive, 4, EV 70.6 MPH)
Batting: LHB Tore Bosch 0-0: Called Strike
0-1: Foul Ball, location: 2F
0-2: Ball
1-2: Ball
2-2: Ball
3-2: Base on Balls
Batting: RHB Tommy Hunter 0-0: Ball
1-0: Ball
2-0: Foul Ball, location: 2F
2-1: Foul Ball, location: 2F
2-2: Fly out, F7 (Flyball, 7LS, EV 93.1 MPH)
Batting: RHB Carlos Gonzalez 0-0: Ball
Wild Pitch!
Tore Bosch to second
1-0: Ground out U3 (Groundball, 3, EV 101.9 MPH)
Bottom of the 9th over - 0 runs, 0 hits, 0 errors, 1 left on base; Sacramento 10 - Oklahoma City 8
Sunday, July 16th , 2023 - OOTP Baseball 24.6 Build 69